Map: Astillero orbital

Players

xXkazperXx

  • Race: Zerg Zerg

RANURA DE IA (Media) - Winner!

  • Race: Terran Terran

VOD

Have the link to the VOD?

Description

Time

  • Played on: March 12, 2016, 7:48 a.m.
  • Length: 17:39
Show
View Real Time Build Order
Export as new Build Order

xXkazperXx Zerg 

Build Orders: Pool First 

Get SALT Encoding   

  12  0:02  Drone  
  13  0:17  Drone  
  13  0:19  Overlord  
  14  0:44  Drone x3  
  17  0:52  Spawning Pool  
  17  0:55  Extractor  
  15  1:00  Drone  
  16  1:15  Drone  
  17  1:22  Drone  
  18  1:37  Drone  
  18  1:39  Queen  
  21  1:44  Zergling x2  
  22  1:55  Extractor  
  21  2:06  Overlord  
  21  2:07  Zergling x2  
  22  2:15  Pneumatized Carapace  
  22  2:35  Drone x3  
  25  2:47  Metabolic Boost  
  25  2:49  Roach Warren  
  24  2:54  Zergling x8  
  28  3:00  Burrow  
  28  3:16  Drone x2  
  30  3:30  Evolution Chamber  
  30  3:34  Overlord  
  29  3:52  Baneling Nest  
  29  3:54  Roach  
  30  4:01  Roach x3  
  37  4:14  Zerg Melee Weapons Level 1  
  37  4:17  Lair  
  37  4:26  Overlord  
  37  4:27  Drone  
  38  4:37  Roach x4  
  38  5:13  Drone x3  
  38  5:14  Drone  
  42  5:23  Hatchery  
  41  5:34  Ravager  
  42  5:44  Zergling x8, Roach x3  
  42  5:48  Overlord  
  42  6:31  Drone x4  
  42  6:32  Drone x2  
  48  6:36  Drone  
  48  6:38  Queen  
  51  6:49  Hydralisk Den  
  51  6:53  Spire  
  49  7:01  Infestation Pit  
  48  7:02  Zerg Melee Weapons Level 2  
  48  7:06  Tunneling Claws  
  48  7:09  Drone x2  
  48  7:10  Drone  
  51  7:25  Drone  
  51  7:26  Drone x2  
  54  7:34  Extractor  
  53  7:49  Extractor  
  52  7:53  Hydralisk x3  
  52  7:58  Overlord x3  
  58  8:16  Drone x5  
  63  8:39  Overlord, Hatchery  
  62  8:55  Overseer  
  62  9:01  Mutalisk  
  62  9:02  Mutalisk x5  
  70  9:04  Corruptor  
  70  9:05  Corruptor  
  78  9:19  Lurker Den  
  69  10:04  Hive  
  66  10:07  Corruptor x3  
  66  10:08  Corruptor  
  66  10:13  Drone x3  
  77  10:22  Drone x3  
  77  10:23  Drone x4  
  77  10:26  Extractor  
  83  10:31  Drone  
  83  10:33  Queen  
  86  10:41  Extractor  
  86  10:42  Ravager  
  86  10:51  Drone x2  
  88  11:07  Zergling x6  
  91  11:12  Zergling x6  
  94  11:28  Greater Spire  
  94  11:31  Muscular Augments  
  94  11:33  Zerg Melee Weapons Level 3  
  94  11:35  Glial Reconstitution  
  94  11:37  Adrenal Glands  
  94  11:42  Drone x3  
  97  11:49  Overlord x2  
  97  12:10  Viper x3  
  97  12:12  Hydralisk x2  
  97  12:13  Hydralisk  
  112  12:30  Baneling Nest  
  111  12:46  Evolution Chamber  
  110  12:54  Drone x3  
  113  13:10  Overlord x3  
  113  13:13  Overlord x2  
  113  13:29  Overseer  
  100  13:42  Hatchery  
  82  14:05  Brood Lord  
  82  14:06  Brood Lord x5  
  94  14:10  Zerg Ground Armor Level 1  
  94  14:12  Zergling x2  
  94  14:13  Zergling x4  
  97  14:19  Hydralisk x3  
  97  14:22  Hydralisk x3  
  109  14:24  Hydralisk  
  111  14:48  Queen  
  113  14:54  Mutalisk x2  
  117  15:13  Drone x2  
  119  15:17  Queen  
  119  15:20  Extractor  
  120  15:26  Extractor  
  119  15:45  Drone  
  119  15:46  Drone x2  
  122  16:04  Hydralisk x6  
  122  16:06  Mutalisk x2  
  122  16:07  Mutalisk x4  
  146  16:16  Ultralisk Cavern  
  145  16:46  Drone  
  145  16:47  Drone x5  
  151  17:00  Drone x3  
Show
View Real Time Build Order
Export as new Build Order

RANURA DE IA (Media) Terran - Winner!

Build Orders:  

Get SALT Encoding   

  12  0:00  SCV  
  13  0:13  SCV  
  14  0:19  Supply Depot  
  14  0:25  SCV  
  15  0:40  SCV  
  16  0:43  Barracks  
  16  0:49  Refinery  
  16  0:53  SCV  
  17  1:05  SCV  
  18  1:14  Supply Depot  
  18  1:31  Orbital Command, Marine  
  18  1:32  Barracks  
  19  1:43  Refinery  
  19  1:50  Barracks Tech Lab  
  19  2:08  Marine  
  20  2:11  Supply Depot  
  20  2:19  Marine  
  21  2:28  Marauder  
  23  2:31  SCV  
  23  2:36  Marine  
  25  2:43  Engineering Bay, SCV  
  26  2:49  Marine  
  27  2:54  Marine  
  27  2:55  SCV  
  27  2:56  Supply Depot  
  29  3:07  Marauder, SCV  
  32  3:19  SCV  
  33  3:28  Marauder  
  33  3:31  SCV  
  36  4:20  SCV  
  36  5:05  Barracks Tech Lab, SCV, Marine  
  38  5:07  Factory  
  38  5:10  Factory, Command Center  
  38  5:13  Supply Depot  
  38  5:14  Missile Turret  
  38  5:16  Missile Turret  
  38  5:17  Ghost Academy  
  38  5:20  Barracks  
  38  5:23  Marauder  
  38  5:26  Sensor Tower  
  38  5:27  Marine  
  41  5:37  Bunker  
  41  5:46  Ghost  
  43  5:55  Factory Tech Lab x2, Starport  
  43  6:00  Armory  
  43  6:01  Marine  
  42  6:07  Barracks Reactor  
  32  6:15  Marine  
  33  6:19  Marine  
  33  6:23  SCV  
  35  6:26  SCV  
  36  6:32  Starport Tech Lab  
  36  6:33  Marauder  
  36  6:35  SCV  
  36  6:38  Marine  
  36  6:39  SCV  
  41  6:47  SCV, Missile Turret, Marine  
  41  6:51  SCV  
  41  6:52  Raven  
  46  6:56  Marine  
  46  6:57  Missile Turret  
  46  6:59  SCV  
  48  7:03  SCV  
  48  7:06  Marauder  
  51  7:11  SCV  
  51  7:15  SCV  
  53  7:16  Marauder  
  53  7:19  Bunker  
  55  7:23  SCV  
  55  7:27  SCV  
  57  7:35  SCV, Raven  
  60  7:37  Refinery  
  60  7:39  SCV  
  61  7:47  SCV  
  61  7:50  Refinery  
  62  8:00  SCV  
  62  8:02  Supply Depot  
  62  8:03  SCV  
  64  8:12  SCV  
  65  8:15  SCV  
  66  8:24  SCV  
  67  9:08  Medivac  
  67  9:09  Combat Shields, Stimpack, Marine  
  70  9:10  Terran Infantry Weapons Level 1  
  70  9:14  Marine  
  70  9:16  Starport  
  71  9:18  Supply Depot  
  71  9:20  Marine  
  71  9:23  Engineering Bay, Command Center  
  72  9:26  Marine  
  73  9:33  Marauder  
  73  9:34  Fusion Core  
  73  9:38  Raven  
  77  9:40  Siege Tank  
  77  9:43  Supply Depot  
  80  9:45  Cyclone  
  80  9:49  Terran Infantry Armor Level 1  
  84  9:52  Medivac  
  83  9:58  Marine  
  74  10:03  Marine  
  65  10:09  Marine  
  66  10:15  Marine  
  66  10:20  Marine  
  66  10:21  Raven  
  70  10:23  Starport Reactor  
  70  10:26  Marine  
  70  10:28  Concussive Shells  
  71  10:32  Marine  
  72  10:36  SCV  
  72  10:38  Marine  
  72  10:39  SCV  
  72  10:42  SCV  
  76  10:44  Marauder  
  76  10:48  SCV  
  79  10:50  Marauder, Armory  
  79  10:51  SCV, Refinery  
  79  10:54  SCV  
  79  10:55  Refinery  
  83  11:00  SCV  
  83  11:03  SCV, Raven  
  87  11:05  Marauder  
  87  11:06  SCV  
  90  11:11  Marauder  
  92  12:57  Terran Infantry Weapons Level 2  
  92  12:58  Hellion, Terran Infantry Armor Level 2, Terran Vehicle Weapons Level 1  
  94  12:59  Terran Vehicle And Ship Armor Level 1, Supply Depot  
  94  13:03  Siege Tank  
  97  13:18  Thor  
  103  13:23  Supply Depot  
  100  13:35  Siege Tank  
  100  13:37  Medivac  
  100  13:40  Medivac, Marine  
  97  13:46  Marine  
  83  13:52  Marine  
  83  13:55  Command Center  
  77  13:56  Raven  
  77  14:01  Siege Tank  
  80  14:03  Marine  
  80  14:09  Marine  
  82  14:15  Marine  
  83  14:20  Marine  
  84  14:26  Marine  
  85  14:32  Hellion  
  85  14:38  Siege Tank  
  90  14:39  Raven  
  92  14:52  Terran Vehicle Weapons Level 2  
  92  14:53  Terran Ship Weapons Level 1, Cyclone  
  95  15:10  Thor  
  101  15:18  Refinery  
  101  15:22  Raven  
  103  15:29  Missile Turret  
  103  15:31  Missile Turret  
  103  15:32  Refinery  
  103  15:52  Bunker  
  103  16:39  Marine  
  104  16:44  Marine  
  105  16:49  Marine  
  105  16:54  Marine  
  106  16:59  Siege Tank  
  110  17:04  Siege Tank  
Tags
 
Add a new tag
Caveats
  • Supply blocks, unpowered buildings, or Contaminate may cause inaccurate times.
  • Supply counts are checked every 10 seconds.